[ AOE2 MATCH · #460058643 ]
UnrankedGoths vs Maya
[ REPLAY ANALYSIS · EXTRACTED FROM THE RECORDED GAME ]
Feudal
13:54
Castle
—
Imperial
—
| APM avg | 13.9 |
| APM peak | 33 |
| eAPM avg | 9.7 |
| Villagers / military | 37 / 13 |
Focus
⚔️ 18.5% · 🌾 81.5%
Militia ×13
Feudal
11:42
Castle
20:52
Imperial
—
| APM avg | 16.4 |
| APM peak | 24 |
| eAPM avg | 9.7 |
| Villagers / military | 30 / 13 |
Focus
⚔️ 20.4% · 🌾 79.6%
Archer ×12 · Eagle Scout ×1
Feudal
10:30
Castle
—
Imperial
—
| APM avg | 35.2 |
| APM peak | 81 |
| eAPM avg | 15.8 |
| Villagers / military | 49 / 26 |
Focus
⚔️ 18.5% · 🌾 81.5%
Archer ×13 · Spearman ×7 · Skirmisher ×6
Feudal
10:36
Castle
—
Imperial
—
| APM avg | 9.3 |
| APM peak | 21 |
| eAPM avg | 6.8 |
| Villagers / military | 28 / 6 |
Focus
⚔️ 14.3% · 🌾 85.7%
Scout Cavalry ×5 · Spearman ×1
Match map
Initial resources + every placement click. Lines = walls · curves = elevation contours. ◆ gold · ⬟ stone · ● berries · ✦ relic · ◌ wall gap
Your base· ✓ Closed at 12:00 · 83t walls · 1 gate(s)
_PCM_'s base· Open — unwalled flank
MAGNUM S1's base· ✓ Closed at 21:06 · 71t walls · 1 gate(s)
EL KILLER DE LOS YOGHURT's base· Open — unwalled flank
Smoothed initial terrain · ◌ = detected wall gap · hover for details
Inputs per minute
— Nickisnick23 - - _PCM_
Build order — Nickisnick23
96 actions detected in the replay
| 0:07 | Build | House |
| 0:10 | Build | House |
| 0:12 | Create | Villager (Male) |
| 0:12 | Create | Villager (Male) |
| 0:12 | Create | Villager (Male) |
| 0:12 | Create | Villager (Male) |
| 0:12 | Create | Villager (Male) |
| 0:13 | Create | Villager (Male) |
| 1:36 | Build | Lumber Camp |
| 1:46 | Create | Villager (Male) |
| 1:46 | Create | Villager (Male) |
| 1:47 | Create | Villager (Male) |
| 2:21 | Create | Villager (Male) |
| 2:58 | Create | Villager (Male) |
| 2:59 | Create | Villager (Male) |
| 2:59 | Create | Villager (Male) |
| 3:14 | Create | Villager (Male) |
| 3:14 | Create | Villager (Male) |
| 3:23 | Create | Villager (Male) |
| 3:24 | Create | Villager (Male) |
| 4:21 | Build | Mill |
| 5:50 | Build | House |
| 5:57 | Build | House |
| 5:59 | Build | House |
| 6:00 | Build | House |
| 6:13 | Create | Villager (Male) |
| 6:13 | Create | Villager (Male) |
| 6:13 | Create | Villager (Male) |
| 6:13 | Create | Villager (Male) |
| 6:15 | Research | Loom |
| 6:48 | Build | Mill |
| 6:55 | Create | Villager (Male) |
| 6:55 | Create | Villager (Male) |
| 7:48 | Build | Mining Camp |
| 7:51 | Create | Villager (Male) |
| 7:51 | Create | Villager (Male) |
| 8:13 | Build | Palisade Wall |
| 8:17 | Build | Palisade Wall |
| 8:23 | Build | Palisade Wall |
| 8:36 | Build | Palisade Wall |
| 8:38 | Build | Palisade Wall |
| 8:46 | Build | Palisade Wall |
| 8:51 | Build | Palisade Wall |
| 9:03 | Create | Villager (Male) |
| 9:04 | Create | Villager (Male) |
| 9:04 | Create | Villager (Male) |
| 9:21 | Create | Villager (Male) |
| 9:43 | Build | Palisade Wall |
| 9:49 | Build | Palisade Wall |
| 9:51 | Build | Palisade Wall |
| 10:09 | Build | Palisade Gate |
| 11:30 | Build | Barracks |
| 11:42 | Build | Farm |
| 11:44 | Research | Feudal Age |
| 12:05 | Build | Farm |
| 12:30 | Build | Farm |
| 13:04 | Build | Farm |
| 13:29 | Create | Militia |
| 13:30 | Create | Militia |
| 13:30 | Create | Militia |
| 13:30 | Create | Militia |
| 13:33 | Create | Militia |
| 13:54 | Age | Feudal Age |
| 14:00 | Research | Man-at-Arms (upgrade) |
| 14:03 | Research | Double-Bit Axe |
| 14:07 | Research | Horse Collar |
| 17:16 | Build | Farm |
| 17:20 | Create | Militia |
| 17:20 | Create | Militia |
| 17:20 | Create | Militia |
| 17:20 | Create | Militia |
| 17:21 | Create | Militia |
| 17:25 | Create | Villager (Male) |
| 17:25 | Create | Villager (Male) |
| 17:25 | Create | Villager (Male) |
| 17:27 | Research | Wheelbarrow |
| 17:28 | Research | Town Watch |
| 18:38 | Build | Archery Range |
| 18:46 | Build | Lumber Camp |
| 18:54 | Create | Militia |
| 18:55 | Create | Militia |
| 18:55 | Create | Militia |
| 19:04 | Build | Market |
| 19:17 | Create | Villager (Male) |
| 19:17 | Create | Villager (Male) |
| 19:17 | Create | Villager (Male) |
| 19:17 | Create | Villager (Male) |
| 19:18 | Create | Villager (Male) |
| 19:37 | Build | Farm |
| 19:42 | Build | Farm |
| 20:26 | Build | House |
| 20:27 | Build | House |
| 20:28 | Build | House |
| 20:30 | Build | House |
| 20:31 | Build | House |
| 20:32 | Build | House |
Build order — _PCM_
79 actions detected in the replay
| 0:04 | Build | House |
| 0:07 | Build | House |
| 0:08 | Create | Villager (Male) |
| 0:08 | Create | Villager (Male) |
| 0:08 | Create | Villager (Male) |
| 1:34 | Create | Villager (Male) |
| 2:31 | Create | Villager (Male) |
| 2:59 | Create | Villager (Male) |
| 3:27 | Build | Mill |
| 3:33 | Create | Villager (Male) |
| 3:40 | Build | House |
| 3:53 | Create | Villager (Male) |
| 4:31 | Build | Lumber Camp |
| 4:35 | Create | Villager (Male) |
| 4:51 | Create | Villager (Male) |
| 5:19 | Create | Villager (Male) |
| 5:54 | Create | Villager (Male) |
| 6:07 | Build | House |
| 6:25 | Create | Villager (Male) |
| 7:09 | Create | Villager (Male) |
| 7:34 | Create | Villager (Male) |
| 8:01 | Create | Villager (Male) |
| 8:20 | Create | Villager (Male) |
| 8:48 | Build | House |
| 8:55 | Create | Villager (Male) |
| 9:32 | Research | Feudal Age |
| 9:51 | Build | Mining Camp |
| 10:11 | Build | House |
| 10:32 | Create | Villager (Male) |
| 10:34 | Create | Villager (Male) |
| 10:34 | Create | Villager (Male) |
| 10:34 | Create | Villager (Male) |
| 10:35 | Create | Villager (Male) |
| 11:21 | Build | Barracks |
| 11:42 | Age | Feudal Age |
| 11:43 | Create | Villager (Male) |
| 12:07 | Build | Farm |
| 12:11 | Build | Farm |
| 12:30 | Build | Lumber Camp |
| 12:36 | Create | Villager (Male) |
| 13:00 | Build | House |
| 13:06 | Create | Villager (Male) |
| 13:14 | Build | Farm |
| 13:28 | Research | Loom |
| 13:54 | Create | Villager (Male) |
| 14:07 | Build | Archery Range |
| 14:17 | Create | Villager (Male) |
| 14:21 | Build | Farm |
| 14:54 | Create | Villager (Male) |
| 15:06 | Build | Blacksmith |
| 15:17 | Create | Villager (Male) |
| 15:40 | Create | Archer |
| 15:40 | Create | Archer |
| 15:46 | Create | Eagle Scout |
| 16:21 | Create | Archer |
| 17:03 | Build | Farm |
| 17:06 | Create | Archer |
| 17:19 | Create | Archer |
| 17:31 | Create | Archer |
| 17:54 | Build | Farm |
| 18:12 | Research | Castle Age |
| 18:42 | Create | Archer |
| 18:47 | Build | Farm |
| 18:51 | Build | Mining Camp |
| 18:59 | Create | Archer |
| 19:10 | Build | Stone Wall |
| 19:20 | Build | Gate |
| 19:36 | Create | Archer |
| 19:36 | Create | Archer |
| 19:43 | Research | Fletching |
| 19:58 | Create | Archer |
| 20:10 | Build | Archery Range |
| 20:13 | Research | Stone Mining |
| 20:16 | Research | Horse Collar |
| 20:23 | Create | Archer |
| 20:52 | Age | Castle Age |
| 20:58 | Build | Stone Wall |
| 21:19 | Research | Crossbowman (upgrade) |
| 21:22 | Research | Padded Archer Armor |
Build order — MAGNUM S1
141 actions detected in the replay
| 0:01 | Create | Villager (Male) |
| 0:01 | Create | Villager (Male) |
| 0:01 | Create | Villager (Male) |
| 0:03 | Build | House |
| 0:04 | Build | House |
| 0:16 | Create | Villager (Male) |
| 0:16 | Create | Villager (Male) |
| 1:23 | Create | Villager (Male) |
| 1:23 | Create | Villager (Male) |
| 1:46 | Build | Lumber Camp |
| 2:01 | Create | Villager (Male) |
| 2:21 | Create | Villager (Male) |
| 2:21 | Create | Villager (Male) |
| 2:50 | Create | Villager (Male) |
| 3:07 | Create | Villager (Male) |
| 3:30 | Create | Villager (Male) |
| 3:31 | Create | Villager (Male) |
| 3:38 | Build | House |
| 4:11 | Build | Mill |
| 4:22 | Create | Villager (Male) |
| 4:23 | Create | Villager (Male) |
| 4:59 | Create | Villager (Male) |
| 5:00 | Create | Villager (Male) |
| 5:00 | Create | Villager (Male) |
| 5:00 | Create | Villager (Male) |
| 5:35 | Create | Villager (Male) |
| 5:35 | Create | Villager (Male) |
| 6:01 | Build | House |
| 6:31 | Create | Villager (Male) |
| 6:33 | Create | Villager (Male) |
| 6:34 | Research | Loom |
| 7:58 | Build | Mining Camp |
| 8:00 | Research | Feudal Age |
| 8:14 | Build | Barracks |
| 8:26 | Build | Palisade Wall |
| 8:33 | Build | Palisade Gate |
| 8:37 | Build | Palisade Wall |
| 8:42 | Build | Palisade Wall |
| 8:53 | Build | Palisade Wall |
| 9:06 | Build | Palisade Wall |
| 9:11 | Build | Palisade Wall |
| 9:19 | Create | Villager (Male) |
| 9:31 | Build | House |
| 9:40 | Create | Villager (Male) |
| 9:57 | Build | House |
| 10:29 | Build | Mill |
| 10:30 | Age | Feudal Age |
| 10:46 | Research | Double-Bit Axe |
| 10:49 | Research | Horse Collar |
| 10:51 | Create | Villager (Male) |
| 11:17 | Create | Villager (Male) |
| 11:18 | Create | Villager (Male) |
| 11:41 | Build | Archery Range |
| 11:46 | Create | Villager (Male) |
| 12:04 | Build | Farm |
| 12:04 | Build | Farm |
| 12:17 | Create | Villager (Male) |
| 12:38 | Create | Villager (Male) |
| 12:40 | Create | Archer |
| 12:40 | Create | Archer |
| 13:01 | Build | House |
| 13:05 | Create | Villager (Male) |
| 13:06 | Create | Archer |
| 13:09 | Create | Archer |
| 13:13 | Build | Farm |
| 13:17 | Build | Farm |
| 13:19 | Build | Farm |
| 13:22 | Build | Farm |
| 13:23 | Build | Farm |
| 13:23 | Build | Farm |
| 13:34 | Create | Villager (Male) |
| 13:39 | Build | House |
| 13:40 | Build | House |
| 13:43 | Build | House |
| 13:49 | Create | Archer |
| 14:00 | Build | Lumber Camp |
| 14:05 | Create | Villager (Male) |
| 14:45 | Create | Archer |
| 15:09 | Create | Villager (Male) |
| 15:09 | Create | Villager (Male) |
| 15:09 | Create | Villager (Male) |
| 15:34 | Create | Archer |
| 15:34 | Create | Villager (Male) |
| 15:51 | Build | Blacksmith |
| 15:52 | Build | House |
| 15:53 | Build | House |
| 16:10 | Create | Archer |
| 16:11 | Create | Villager (Male) |
| 16:41 | Create | Villager (Male) |
| 16:44 | Create | Spearman |
| 16:44 | Create | Spearman |
| 17:01 | Create | Villager (Male) |
| 17:04 | Create | Archer |
| 17:08 | Create | Spearman |
| 17:14 | Research | Fletching |
| 17:14 | Research | Padded Archer Armor |
| 17:15 | Research | Scale Mail Armor |
| 17:29 | Create | Archer |
| 17:43 | Create | Villager (Male) |
| 17:43 | Create | Villager (Male) |
| 17:54 | Build | Market |
| 17:56 | Build | House |
| 17:58 | Build | House |
| 17:59 | Build | House |
| 18:00 | Build | House |
| 18:03 | Build | Farm |
| 18:03 | Build | Farm |
| 18:05 | Build | Farm |
| 18:24 | Create | Archer |
| 18:28 | Create | Spearman |
| 18:28 | Create | Spearman |
| 18:58 | Create | Archer |
| 18:59 | Create | Villager (Male) |
| 19:00 | Create | Villager (Male) |
| 19:01 | Create | Villager (Male) |
| 19:04 | Research | Wheelbarrow |
| 19:17 | Build | Farm |
| 19:21 | Build | Farm |
| 19:22 | Build | Farm |
| 19:27 | Build | Lumber Camp |
| 20:25 | Create | Villager (Male) |
| 20:25 | Create | Villager (Male) |
| 20:37 | Create | Skirmisher |
| 20:38 | Create | Skirmisher |
| 20:46 | Build | Farm |
| 20:47 | Build | Farm |
| 20:47 | Build | Farm |
| 20:48 | Build | Farm |
| 20:49 | Build | Farm |
| 21:06 | Research | Castle Age |
| 21:19 | Create | Skirmisher |
| 21:19 | Create | Skirmisher |
| 21:20 | Create | Archer |
| 21:25 | Create | Spearman |
| 21:26 | Create | Spearman |
| 21:40 | Build | Farm |
| 21:40 | Build | Farm |
| 21:40 | Build | Farm |
| 21:51 | Create | Skirmisher |
| 21:57 | Build | Archery Range |
| 22:22 | Create | Skirmisher |
Build order — EL KILLER DE LOS YOGHURT
64 actions detected in the replay
| 0:05 | Build | House |
| 0:07 | Create | Villager (Male) ×4 |
| 0:39 | Build | House |
| 0:46 | Build | House |
| 0:48 | Build | House |
| 1:48 | Create | Villager (Male) |
| 1:48 | Create | Villager (Male) |
| 2:10 | Create | Villager (Male) |
| 2:31 | Create | Villager (Male) |
| 3:01 | Create | Villager (Male) |
| 3:20 | Create | Villager (Male) |
| 3:37 | Create | Villager (Male) |
| 4:08 | Build | Mill |
| 4:22 | Research | Loom |
| 5:00 | Create | Villager (Male) |
| 5:50 | Create | Villager (Male) |
| 6:02 | Create | Villager (Male) |
| 6:28 | Create | Villager (Male) |
| 6:42 | Create | Villager (Male) |
| 7:29 | Build | Lumber Camp |
| 7:34 | Create | Villager (Male) |
| 8:26 | Research | Feudal Age |
| 8:49 | Create | Villager (Male) |
| 10:01 | Build | Barracks |
| 10:04 | Build | House |
| 10:05 | Build | House |
| 10:09 | Build | House |
| 10:15 | Build | Palisade Wall |
| 10:36 | Age | Feudal Age |
| 10:50 | Research | Wheelbarrow |
| 12:26 | Build | Stone Wall |
| 12:41 | Build | Archery Range |
| 12:47 | Create | Villager (Male) |
| 12:48 | Create | Villager (Male) |
| 12:48 | Create | Villager (Male) |
| 12:48 | Create | Villager (Male) |
| 13:25 | Build | Stable |
| 13:30 | Build | Blacksmith |
| 13:50 | Build | Mining Camp |
| 14:50 | Research | Gold Mining |
| 14:52 | Research | Double-Bit Axe |
| 15:11 | Create | Scout Cavalry |
| 15:22 | Build | Farm |
| 15:51 | Create | Scout Cavalry |
| 16:07 | Research | Forging |
| 16:21 | Build | Farm |
| 16:22 | Build | Farm |
| 16:23 | Build | Farm |
| 16:24 | Build | Farm |
| 16:48 | Create | Spearman |
| 17:04 | Create | Scout Cavalry |
| 17:05 | Create | Scout Cavalry |
| 17:07 | Create | Villager (Male) |
| 17:49 | Build | Stable |
| 18:03 | Create | Villager (Male) |
| 18:03 | Create | Villager (Male) |
| 18:26 | Build | Farm |
| 18:27 | Build | Farm |
| 18:28 | Build | Farm |
| 18:42 | Create | Scout Cavalry |
| 19:08 | Create | Villager (Male) |
| 19:25 | Build | Market |
| 19:31 | Create | Villager (Male) |
| 19:44 | Create | Villager (Male) |
Match timeline
| 8:13 | Nickisnick23 · wall_segment Palisade Wall x10 |
| 8:14 | MAGNUM S1 · first_building Barracks |
| 8:17 | Nickisnick23 · wall_segment Palisade Wall x8 |
| 8:23 | Nickisnick23 · wall_segment Palisade Wall x1 |
| 8:26 | MAGNUM S1 · wall_segment Palisade Wall x8 |
| 8:36 | Nickisnick23 · wall_segment Palisade Wall x9 |
| 8:37 | MAGNUM S1 · wall_segment Palisade Wall x13 |
| 8:38 | Nickisnick23 · wall_segment Palisade Wall x8 |
| 8:42 | MAGNUM S1 · wall_segment Palisade Wall x13 |
| 8:46 | Nickisnick23 · wall_segment Palisade Wall x20 |
| 8:51 | Nickisnick23 · wall_segment Palisade Wall x11 |
| 8:53 | MAGNUM S1 · wall_segment Palisade Wall x11 |
| 9:06 | MAGNUM S1 · wall_segment Palisade Wall x11 |
| 9:11 | MAGNUM S1 · wall_segment Palisade Wall x15 |
| 9:43 | Nickisnick23 · wall_segment Palisade Wall x7 |
| 9:49 | Nickisnick23 · wall_segment Palisade Wall x9 |
| 9:51 | Nickisnick23 · wall_segment Palisade Wall x8 |
| 10:01 | EL KILLER DE LOS YOGHURT · first_building Barracks |
| 10:15 | EL KILLER DE LOS YOGHURT · wall_segment Palisade Wall x14 |
| 10:30 | MAGNUM S1 · age_up feudal |
| 10:36 | EL KILLER DE LOS YOGHURT · age_up feudal |
| 11:21 | _PCM_ · first_building Barracks |
| 11:30 | Nickisnick23 · first_building Barracks |
| 11:41 | MAGNUM S1 · first_building Archery Range |
| 11:42 | _PCM_ · age_up feudal |
| 12:26 | EL KILLER DE LOS YOGHURT · wall_segment Stone Wall x12 |
| 12:41 | EL KILLER DE LOS YOGHURT · first_building Archery Range |
| 13:25 | EL KILLER DE LOS YOGHURT · first_building Stable |
| 13:54 | Nickisnick23 · age_up feudal |
| 14:07 | _PCM_ · first_building Archery Range |
| 18:38 | Nickisnick23 · first_building Archery Range |
| 19:10 | _PCM_ · wall_segment Stone Wall x4 |
| 20:15 | EL KILLER DE LOS YOGHURT · first_market_buy 100 food |
| 20:24 | EL KILLER DE LOS YOGHURT · resign |
| 20:52 | _PCM_ · age_up castle |
| 20:58 | _PCM_ · wall_segment Stone Wall x1 |
| 20:58 | MAGNUM S1 · first_market_buy 100 food |
| 21:04 | MAGNUM S1 · first_market_sell 100 wood |
[ AI ANALYSIS · 1 CREDIT ]
What really happened in this match?
Wolo.gg analyzes every decision: build order, eco, micro, common mistakes by bracket. Personalized analysis on WhatsApp or Discord in 30 seconds.
Civ guide
Goths
Perfil
Jugador #4029026